 Dungeon Crawl Stone Soup version 0.31.0-32-g396128a36d (webtiles) character file.

Game seed: 12442909476975229256

4396 ymhsbmbesitwf the Conjurer (level 9, -4/69 HPs)
             Began as a Demigod Conjurer on Apr 14, 2024.
             Slain by a komodo dragon (13 damage)
             ... on level 9 of the Dungeon.
             The game lasted 00:50:48 (5008 turns).

ymhsbmbesitwf the Conjurer (Demigod Conjurer)       Turns: 5008, Time: 00:50:48

Health: -4/69      AC: 11    Str: 16    XL:     9   Next: 90%
Magic:  20/25      EV: 10    Int: 24    God:
Gold:   533        SH:  0    Dex: 12    Spells: 4/14 levels left

rFire   + . .        u - staff of conjuration
rCold   + . .        B - orb {guile}
rNeg    . . .        g - +0 scale mail
rPois   +            i - +1 helmet
rElec   +            b - +0 cloak
rCorr   +            (no gloves)
SInv    .            j - +0 pair of boots
Will    .....        w - amulet of magic regeneration
Stlth   +            d - ring of magical power
HPRegen 0.31/turn    y - ring of poison resistance
MPRegen 0.59/turn

%: no passive effects
@: resistant, studying Throwing, invisible
A: high MP 1, forlorn, divine attributes, mutation resistance 1, screaming 1
a: no special abilities


You were on level 9 of the Dungeon.
You visited 2 branches of the dungeon, and saw 10 of its levels.
You also visited: Sewer.

You collected 533 gold pieces.

Inventory:

Hand Weapons
 a - a +1 rapier
 n - the +11 quarterstaff of Eternal Harmony {drain, Int+3}
   (You found it on level 6 of the Dungeon)

   Int+3:     It affects your intelligence (+3).
Armour
 b - a +0 cloak (worn)
 c - a +0 robe
 f - a +0 chain mail
 g - a +0 scale mail (worn)
 i - a +1 helmet (worn)
 j - a +0 pair of boots (worn)
 s - a +0 plate armour
 B - an orb of guile (worn)
Magical Staves
 p - a staff of cold
 u - a staff of conjuration (weapon)
Jewellery
 d - a ring of magical power (left hand)
 m - a ring of wizardry
 w - an amulet of magic regeneration (around neck)
 y - a ring of poison resistance (right hand)
 C - a ring of flight
Wands
 A - a wand of flame (44)
 F - a wand of polymorph (3)
Scrolls
 e - a scroll of poison
 k - a scroll of torment {unknown}
 l - 3 scrolls of amnesia
 o - a scroll of teleportation
 q - a scroll of enchant weapon
 r - 2 scrolls of revelation
 v - 2 scrolls of identify {unknown}
 D - a scroll of butterflies {unknown}
Potions
 h - 5 potions of curing
 t - 2 potions of magic


   Skills:
 - Level 3.0 Fighting
 - Level 3.0 Armour
 - Level 3.0 Dodging
 - Level 4.0 Stealth
 - Level 3.0 Spellcasting
 - Level 7.0 Conjurations
 + Level 6.6 Hexes
 + Level 6.6 Ice Magic
 * Level 3.2 Air Magic


You had 4 spell levels left.
You knew the following spells:

 Your Spells              Type           Power      Damage    Failure   Level
a - Magic Dart            Conj           100%       1d8       2%          1
b - Searing Ray           Conj           100%       2d8       3%          2
c - Ensorcelled Hibernat  Hex/Ice        70%        N/A       3%          2
d - Freezing Cloud        Conj/Ice/Air   22%        6-21      71%         5

Your spell library contained the following spells:

 Spells                   Type           Power      Damage    Failure   Level
 Dazzling Flash           Conj/Hex       100%       N/A       7%          3
 Mephitic Cloud           Conj/Alch/Air  30%        N/A       28%         3
 Mercury Vapours          Alch/Air       22%        N/A       30%         2
 Fulminant Prism          Conj/Alch      15%        3d10      65%         4
 Iskenderun's Mystic Bla  Conj/Tloc      30%        2d8       65%         4
 Anguish                  Hex/Necr       9%         N/A       69%         4
 Fugue of the Fallen      Necr           3%         N/A       75%         3
 Summon Lightning Spire   Summ/Air       11%        N/A       89%         4
 Animate Armour           Summ/Erth      6%         N/A       98%         4
 Silence                  Hex/Air        13%        N/A       80%         5
 Curse of Agony           Necr           3%         N/A       100%        5
 Lee's Rapid Deconstruct  Erth           1%         3d4*      100%        5


Dungeon Overview and Level Annotations

Branches:
Dungeon (9/15)             Temple (1/1) D:5           Sewer (visited)
   Lair: D:8-11         Orc: D:9-12

Shops:
D:6 :   D:7 [


Innate Abilities, Weirdness & Mutations

You have an increased reservoir of magic. (+10% MP)
You shall have no god before yourself.
Your divine heritage dramatically boosts your attributes as you level up.
You are somewhat resistant to further mutation.
You occasionally shout uncontrollably at your foes.


Message History

The searing ray hits the plant.
The plant is lightly damaged.
The steam dragon bites you but does no damage.
The steam dragon closely misses you.
The searing ray misses the steam dragon.
The searing ray hits the plant!
The plant is lightly damaged.
The steam dragon barely misses you.
The steam dragon claws you but does no damage.
The searing ray hits the steam dragon!
The steam dragon is moderately wounded.
The searing ray hits the plant!
The plant is lightly damaged.
You finish channelling your searing ray.
The steam dragon breathes steam at you. The ball of steam misses you.
The kobold barely misses you.
Okay, then.
It was a potion of resistance.
You feel protected.
A nearby plant withers and dies.
The steam dragon barely misses you. x2
The kobold is engulfed in a cloud of scalding steam.
The kobold dies!
The steam dragon attacks as it pursues you!
The steam dragon barely misses you. The steam dragon closely misses you.
Casting: Searing Ray (safe; 3% risk of failure)
Confirm with . or Enter, or press ? or * to list all spells.
Aiming: Ensorcelled Hibernation (safe; 3% risk of failure)
Press: ? - help, Shift-Dir - straight line, f - orc warrior
Aim: an orc warrior, wielding a +0 battleaxe and wearing a +0 plate armour (moderately wounded, chance to affect: 78%)
The orc warrior resists with significant effort.
The steam dragon bites you.
* * * LOW HITPOINT WARNING * * *
The steam dragon claws you.
* * * LOW HITPOINT WARNING * * *
Okay, then.
It was a potion of invisibility.
You fade into invisibility!
The steam dragon bites you but does no damage.
The steam dragon misses you. The komodo dragon bites you!
You die...

....P.P# +....P............#
..PP...# #..P...##########.#
##..P..####.....###########.#
....P..................#
.PP....P...............#
..P.PPP................#
.....P..).###########..#
.....P....###########..#
.........oD@§..........#
..........l.§..........#
######....§...........#
#......§§.§......#
#......§.§.§.....#
........§..§......#
.............>.....#
.........#########.# . #.#


You could see a komodo dragon (unable to see you), a steam dragon (unable to see
you) and an orc warrior (unable to see you).

Vanquished Creatures
  Maurice (D:7)
  Jeremiah (D:7)
  A hornet (D:9)
  A shadow (D:9)
  Eustachio (D:6)
  A wyvern (D:7)
  A yak (D:9)
  A water moccasin (D:5)
  2 black bears (D:9)
  2 orc warriors
  A sky beast (D:6)
  A crocodile (Sewer)
  2 ogres (D:5)
  4 centaurs
  A phantom (D:5)
  3 kobold brigands
  3 bullfrogs
  2 scorpions
  7 wights
  2 killer bees (D:9)
  2 howler monkeys
  A hound (D:5)
  A jelly (D:7)
  A gnoll bouda (D:7)
  2 orc priests
  4 iguanas
  4 orc wizards
  8 gnolls
  15 adders
  2 river rats (Sewer)
  A shadow imp (D:7)
  3 white imps
  2 ribbon worms
  The ghost of namarukai the Sneak, a weakling FoDe (D:5)
  2 dart slugs
  18 orcs
  6 bats
  12 endoplasms
  7 giant cockroaches
  7 goblins
  5 hobgoblins
  4 jackals (D:3)
  22 kobolds
  9 quokkas
  10 ball pythons
  5 frilled lizards
  2 rats (D:2)
194 creatures vanquished.

Vanquished Creatures (others)
  A kobold (D:9)
1 creature vanquished.

Grand Total: 195 creatures vanquished

Notes
Turn   | Place    | Note
-------+----------+-------------------------------------------
     0 | D:1      | ymhsbmbesitwf the Demigod Conjurer began the quest for the
                  | Orb.
     0 | D:1      | Reached XP level 1. HP: 14/14 MP: 5/5
   190 | D:1      | Reached XP level 2. HP: 22/22 MP: 4/7
   245 | D:1      | Learned a level 2 spell: Searing Ray
   297 | D:1      | Reached skill level 4 in Conjurations
   397 | D:1      | Reached skill level 1 in Fighting
   503 | D:2      | Reached XP level 3. HP: 21/28 MP: 8/8
   959 | D:2      | Reached XP level 4. HP: 35/35 MP: 9/9
  1428 | D:3      | Reached skill level 5 in Conjurations
  1533 | D:4      | Reached XP level 5. HP: 39/41 MP: 10/10
  1539 | D:4      | Learned a level 2 spell: Ensorcelled Hibernation
  1822 | D:5      | Entered Level 5 of the Dungeon
  1883 | D:5      | Reached skill level 1 in Hexes
  1884 | D:5      | Reached skill level 1 in Ice Magic
  1950 | D:5      | Found a transporter.
  1952 | D:5      | Noticed namarukai's ghost (weakling FoDe)
  1952 | D:5      | Noticed an ogre
  1965 | D:5      | Noticed a water moccasin
  1966 | D:5      | Found a staircase to the Ecumenical Temple.
  1972 | D:5      | Reached XP level 6. HP: 48/48 MP: 11/11
  1976 | Temple   | Entered the Ecumenical Temple
  1999 | D:5      | Killed a water moccasin
  2002 | D:5      | Found a transporter.
  2049 | D:5      | Reached skill level 6 in Conjurations
  2084 | D:5      | Reached XP level 7. HP: 31/55 MP: 6/13
  2124 | D:5      | Found a glowing drain.
  2134 | Sewer    | Entered a sewer
  2810 | Sewer    | Gained mutation: You are somewhat resistant to further
                  | mutation. [potion of mutation]
  2810 | Sewer    | Gained mutation: You occasionally shout uncontrollably at
                  | your foes. [potion of mutation]
  3083 | D:5      | Reached skill level 1 in Armour
  3090 | D:5      | Killed namarukai's ghost
  3229 | D:6      | Identified the +11 quarterstaff of Eternal Harmony {drain,
                  | Int+3}
  3271 | D:6      | Noticed Eustachio
  3283 | D:6      | Killed Eustachio
  3284 | D:6      | Reached XP level 8. HP: 24/62 MP: 10/15
  3317 | D:6      | Found Lupt's Self-Improvement Boutique.
  3644 | D:7      | Noticed Maurice
  3648 | D:7      | Maurice stole a staff of cold
  3654 | D:7      | Maurice stole a ring of poison resistance
  3660 | D:7      | Killed Maurice
  3905 | D:7      | Reached XP level 9. HP: 50/69 MP: 16/16
  3957 | D:7      | Found Tablul's Armour Emporium.
  3972 | D:7      | Reached skill level 5 in Hexes
  3972 | D:7      | Reached skill level 5 in Ice Magic
  3984 | D:7      | Noticed Jeremiah
  3995 | D:7      | Killed Jeremiah
  4719 | D:9      | Reached skill level 7 in Conjurations
  4815 | D:9      | Reached skill level 1 in Air Magic
  4855 | D:9      | Learned a level 5 spell: Freezing Cloud
  4926 | D:9      | Noticed a komodo dragon
  5008 | D:9      | Slain by a komodo dragon

Illustrated notes

Levels and vault maps discovered:
D:1:      reono_arrival_mine, layout_basic, basic_ecumenical_altar
D:2:      layout_basic, serial_corexii_hall, corexii_hall_statues_x,
          corexii_hall_statues_u, chequers_hall_statues_corner_a,
          uniq_crazy_yiuf_cottage
D:3:      layout_basic
D:4:      layout_rooms, minmay_quantized
D:5:      layout_loops_ring, mainiacjoe_overflow_surrounded_room,
          minmay_temple_entry_trees, portal_sewer_entry_f,
          gammafunk_ghost_arena, minmay_manual_mess
D:6:      layout_basic, mainiacjoe_overflow_concentric_impassable,
          lemuel_round_altar, nicolae_shop_self_help, uniq_eustachio
D:7:      layout_loops_ring, nicolae_tso_swordbearing_angel, serial_shops,
          nicolae_shop_advertising_works [nicolae_subvault_shop_adworks],
          uniq_jeremiah, uniq_maurice
D:8:      layout_basic, led_sif_pool
D:9:      layout_long_grid, grunt_lair_entry_orc_guard_hut, david_orc_3
Temple:   minmay_temple_bridge_d

Skill      XL: |  1  2  3  4  5  6  7  8  9 |
---------------+----------------------------+-----
Stealth        | 2 3 4 |  4.0
Dodging        | 2 3 |  3.0
Spellcasting   | 2 3 |  3.0
Conjurations   | 4 5 6 7 |  7.0
Fighting       | 1 2 3 |  3.0
Hexes          | 1 2 4 6 |  6.6
Ice Magic      | 1 2 4 6 |  6.6
Armour         | 1 3 |  3.0
Air Magic      | 3 |  3.2

Action                     |  1- 3 |  4- 6 |  7- 9 || total
---------------------------+-------+-------+-------++-------
  Melee: Dagger            |    30 |     1 |       ||    31
         Rapier            |       |     4 |       ||     4
         Staff             |       |     2 |     1 ||     3
   Cast: Magic Dart        |    63 |    53 |    62 ||   178
         Searing Ray       |     4 |    18 |    67 ||    89
         Ensorcelled Hiber |       |       |     5 ||     5
    Use: Scroll            |       |     3 |     8 ||    11
         Potion            |       |       |     6 ||     6
   Stab: Sleeping          |     8 |     4 |       ||    12
 Armour: Robe              |    19 |    23 |    26 ||    68
         Scale mail        |       |       |   124 ||   124
  Dodge: Dodged            |    36 |    26 |    99 ||   161
